 Dungeon Crawl Stone Soup version 0.25.1-2-g60ff931df9 (webtiles) character file.

Game seed: 17831605688626277741

12170 sking99 the Frost Mage (level 11, 0/148 HPs)
             Began as a Yellow Draconian Ice Elementalist on Aug 8, 2020.
             Was a Priest of Vehumet.
             Slain by a spriggan rider
             ... wielding a +0 spear
              (17 damage)
             ... on level 3 of the Lair of Beasts.
             The game lasted 00:34:16 (14638 turns).

sking99 the Frost Mage (DrIE)                      Turns: 14638, Time: 00:34:17

Health: 0/148      AC: 13    Str: 12    XL:     11   Next: 58%
Magic:  8/18       EV: 15    Int: 30    God:    Vehumet [***...]
Gold:   770        SH:  0    Dex: 11    Spells: 4/20 levels left

rFire    . . .     SeeInvis .   K - +2 dagger (venom)
rCold    . . .     Gourm    .   (no shield)
rNeg     . . .     Faith    .   (armour unavailable)
rPois    .         Spirit   .   v - +2 hat
rElec    .         Reflect  .   (no cloak)
rCorr    +         Harm     .   m - +2 pair of gloves
MR       .....                  I - +0 pair of boots
Stlth    ..........             (no amulet)
HPRegen  0.34/turn              t - +6 ring of intelligence
MPRegen  0.16/turn              k - +6 ring of intelligence

@: berserking, quick
A: spit acid, unfitting armour, cold-blooded, acid resistance, AC +7
a: Breathe Acid, Renounce Religion


You were on level 3 of the Lair of Beasts.
You worshipped Vehumet.
Vehumet was most pleased with you.
You were near starving.

You visited 3 branches of the dungeon, and saw 13 of its levels.

You collected 770 gold pieces.

Inventory:

Hand Weapons
 q - a +1 dagger of holy wrath
 K - a +2 dagger of venom (weapon)
Armour
 m - a +2 pair of gloves (worn)
 v - a +2 hat (worn)
 I - a +0 pair of boots (worn)
Magical Staves
 a - an uncursed staff of conjuration
Jewellery
 g - an uncursed ring of see invisible
 h - an uncursed ring of ice
 k - a +6 ring of intelligence (right hand)
 t - a +6 ring of intelligence (left hand)
 F - a +6 ring of dexterity {unknown}
 M - an uncursed amulet of magic regeneration {unknown}
Wands
 u - a wand of flame (17)
 w - a wand of iceblast (11)
 z - a wand of disintegration (16)
 J - a wand of enslavement (5)
 P - a wand of random effects (16)
Scrolls
 d - 6 scrolls of remove curse
 i - 4 scrolls of amnesia
 o - 10 scrolls of identify
 p - a scroll of enchant armour
 r - 2 scrolls of enchant weapon
 x - a scroll of fog
 y - 2 scrolls of magic mapping
 A - a scroll of fear
 D - 2 scrolls of teleportation
 G - a scroll of immolation
Potions
 b - 4 potions of curing
 c - a potion of flight
 f - a potion of mutation
 j - 3 potions of degeneration
 l - a potion of brilliance
 s - a potion of cancellation
 B - a potion of invisibility
 C - a potion of haste {unknown}
 E - 2 potions of might {unknown}
 H - 2 potions of heal wounds {unknown}
 L - a potion of stabbing {unknown}
 O - a potion of lignification {unknown}
Comestibles
 n - 19 rations
 N - 5 chunks of flesh


   Skills:
 + Level 9.8 Fighting
 + Level 7.5 Dodging
 - Level 1.8 Stealth
 - Level 5.0 Spellcasting
 - Level 6.4 Conjurations
 - Level 5.0 Fire Magic
 - Level 11.1 Ice Magic


You had 4 spell levels left.
You knew the following spells:

 Your Spells              Type           Power        Failure   Level  Hunger
a - Freeze                Ice            ####         1%          1    None
b - Magic Dart            Conj           ####         1%          1    None
c - Frozen Ramparts       Ice            ######       1%          3    None
d - Hailstorm             Conj/Ice       ######..     1%          4    ###....
e - Summon Ice Beast      Ice/Summ       #####...     6%          4    ###....
z - Inner Flame           Hex/Fire       ###.....     1%          3    None

Your spell library contained the following spells:

 Spells                   Type           Power        Failure   Level  Hunger
 Ozocubu's Armour         Chrm/Ice       #####...     1%          3    None
 Animate Skeleton         Necr           N/A          6%          1    None
 Apportation              Tloc           #.....       6%          1    None
 Corona                   Hex            #......      6%          1    None
 Summon Small Mammal      Summ           #...         6%          1    None


Dungeon Overview and Level Annotations

Branches:
Dungeon (9/15)             Temple (1/1) D:5            Lair (3/6) D:9
  Swamp: Lair:2-4    Shoals: Lair:2-4     Snake: Lair:2-4    Spider: Lair:2-4
    Orc: D:9-12

Altars:
Ashenzari
Cheibriados
Dithmenos
Elyvilon
Fedhas
Gozag
Hepliaklqana
Kikubaaqudgha
Makhleb
Nemelex Xobeh
Okawaru
Qazlal
Ru
Sif Muna
Trog
Uskayaw
Vehumet
Wu Jian
Xom
Yredelemnul
Zin
The Shining One

Shops:
D:7 *

Annotations:
D:3 Grinder
D:8 3 runed translucent doors, NebNelluc's ghost, novice NaBe
Lair:2 1 runed translucent door, Kold's ghost, journeyman OpTm


Innate Abilities, Weirdness & Mutations

You can spit globs of acid.
Your golden yellow scales are hard. (AC +7)
You cannot fit into any form of body armour.
You are cold-blooded and may be slowed by cold attacks.
You are resistant to acid. (rCorr)


Message History

The wolf barely misses you. The wolf bites you but does no damage.
You enter the shallow water.
Moving in this stuff is going to be slow.
The wolf barely misses you. The wolf bites you but does no damage.
The wolf barely misses you. x2; The wolf bites you.
The wolf bites you but does no damage. x2
The wolf bites you.
The wolf splashes around in the water.
A wolf comes into view.
The wolf bites you.
* * * LOW HITPOINT WARNING * * *
The spriggan rider hits you from afar with a +0 spear!
* * * LOW HITPOINT WARNING * * *
The wolf misses you.
Unknown command.
A red film seems to cover your vision as you go berserk!
You feel yourself moving faster!
You feel mighty! The wolf bites you but does no damage. The wolf misses you.
The spriggan rider hits you from afar with a +0 spear!
You die...

#######.......
##.#P.##†..#...
##(...÷÷).......
#######......%........
##≈≈≈≈.#...(.......####
#≈.≈≈≈.........<...#
###.≈≈≈≈hhhh........#...
#...≈≈≈≈≈hi..............
#..≈≈≈≈≈@≈≈≈≈#.##.......⌠
...≈≈≈≈≈≈≈≈≈.######......
..≈≈≈≈≈<.≈≈≈≈# #....
...≈≈≈..≈≈≈≈..# ##.
..[≈≈≈≈≈≈≈≈≈....
...≈≈≈≈≈≈≈≈≈.....
#..≈≈≈≈≈≈≈≈≈.....
#P...≈..........
##..###.#P.#####


You could see a spriggan rider and 5 wolves.

Vanquished Creatures
  Harold (Lair:1)
  Nergalle (Lair:2)
  A deep elf mage (D:9)
  A spiny frog (Lair:1)
  A rime drake (Lair:2)
  A troll (D:9)
  4 hippogriffs
  3 blink frogs (Lair:1)
  A spriggan (D:7)
  2 wyverns (D:8)
  6 yaks (Lair:2)
  A basilisk (Lair:2)
  A hungry ghost (D:8)
  Edmund (D:6)
  7 water moccasins
  A porcupine (Lair:2)
  2 orc warriors
  4 sky beasts
  An ice beast (D:9)
  2 phantoms
  6 ogres
  16 wolves
  4 centaurs
  3 crocodiles (Lair:1)
  2 bullfrogs
  A gnoll sergeant (D:9)
  A water moccasin zombie (D:9)
  3 scorpions
  A water moccasin skeleton (D:7)
  2 howler monkeys
  5 crimson imps
  A bullfrog zombie (D:8)
  A quasit (D:6)
  3 centaur zombies
  3 jellies
  6 hounds
  A gnoll shaman (D:8)
  4 orc priests
  A centaur skeleton (D:8)
  Jessica (D:3)
  Ijyb (D:3)
  An iguana (D:9)
  6 worker ants
  An orc wizard (D:9)
  5 hound skeletons
  3 hound zombies
  A howler monkey zombie (D:5)
  A worker ant zombie (D:3)
  Robin (D:3)
  12 adders
  12 gnolls
  3 oozes
  3 adder skeletons
  3 worms
  8 leopard geckos
  10 orcs
  2 ball pythons
  4 giant cockroaches
  18 goblins
  4 hobgoblins
  2 jackals (D:6)
  6 quokkas
  7 bats
  4 frilled lizards
  A giant cockroach zombie (D:5)
  A leopard gecko skeleton (D:4)
  A quokka skeleton (D:4)
  4 rats
  A spectral orc (D:9)
233 creatures vanquished.

Vanquished Creatures (collateral kills)
  Urug (Lair:3)
  A spiny frog (Lair:1)
  A hippogriff (Lair:2)
  A water moccasin (Lair:2)
  2 porcupines
  A wolf (Lair:1)
7 creatures vanquished.

Vanquished Creatures (others)
  A fungus (Lair:2)
1 creature vanquished.

Grand Total: 241 creatures vanquished

Notes
Turn   | Place    | Note
-------+----------+-------------------------------------------
     0 | D:1      | sking99 the Draconian Ice Elementalist began the quest for
                  | the Orb.
     0 | D:1      | Reached XP level 1. HP: 14/14 MP: 3/3
   565 | D:1      | Reached XP level 2. HP: 17/22 MP: 1/5
   885 | D:2      | Reached skill level 1 in Fighting
   885 | D:2      | Reached XP level 3. HP: 11/28 MP: 1/6
  1139 | D:1      | Learned a level 3 spell: Frozen Ramparts
  2280 | D:2      | Reached XP level 4. HP: 35/36 MP: 3/7
  2976 | D:3      | Noticed Grinder
  3074 | D:2      | Reached skill level 5 in Ice Magic
  3168 | D:3      | Learned a level 4 spell: Hailstorm
  3335 | D:3      | Found a faded altar of an unknown god.
  3367 | D:3      | Noticed Robin
  3393 | D:3      | Killed Robin
  3393 | D:3      | Reached XP level 5. HP: 41/41 MP: 6/9
  3678 | D:3      | Noticed Jessica
  3683 | D:3      | Killed Jessica
  3683 | D:3      | Reached skill level 1 in Conjurations
  3792 | D:3      | Noticed Ijyb
  3810 | D:3      | Killed Ijyb
  3917 | D:3      | Paralysed by Grinder for 5 turns
  4038 | D:4      | Found a shadowy altar of Dithmenos.
  4042 | D:4      | Noticed an ogre
  4062 | D:4      | Killed an ogre
  4062 | D:4      | Reached XP level 6. HP: 48/50 MP: 5/11
  4137 | D:4      | Reached skill level 6 in Ice Magic
  4576 | D:4      | Your scales start taking on a golden yellow colour.
  4576 | D:4      | Reached XP level 7. HP: 57/57 MP: 7/12
  4576 | D:4      | Gained mutation: You are resistant to acid. (rCorr) [Yellow
                  | Draconian growth]
  5128 | D:5      | Entered Level 5 of the Dungeon
  5184 | D:5      | Found a staircase to the Ecumenical Temple.
  5195 | Temple   | Entered the Ecumenical Temple
  5359 | Temple   | Became a worshipper of Vehumet
  5539 | D:5      | Reached skill level 7 in Ice Magic
  5945 | D:5      | Reached XP level 8. HP: 59/67 MP: 7/14
  6746 | D:6      | Reached skill level 5 in Fighting
  6836 | D:6      | Reached * piety under Vehumet
  6836 | D:6      | Offered knowledge of Magic Dart by Vehumet.
  6935 | D:6      | Noticed Edmund
  6942 | D:6      | Reached skill level 8 in Ice Magic
  6945 | D:6      | Killed Edmund
  7438 | D:7      | Reached skill level 5 in Spellcasting
  7484 | D:7      | Found Tesmour's Assorted Antiques.
  7494 | D:7      | Learned a level 1 spell: Magic Dart
  7726 | D:7      | Noticed a hippogriff
  7728 | D:7      | Found a snail-covered altar of Cheibriados.
  7728 | D:7      | Found a burning altar of Makhleb.
  7728 | D:7      | Found a shattered altar of Ashenzari.
  7728 | D:7      | Found a glowing silver altar of Zin.
  7738 | D:7      | Reached XP level 9. HP: 71/74 MP: 9/16
  8356 | D:7      | Reached skill level 5 in Conjurations
  8356 | D:7      | Reached skill level 9 in Ice Magic
  8621 | D:8      | Noticed NebNelluc's ghost (novice NaBe)
  8655 | D:8      | Found a runed translucent gate.
  8655 | D:8      | Found a runed translucent gate.
  8655 | D:8      | Found a runed translucent gate.
  8835 | D:8      | Found a shimmering blue altar of Sif Muna.
  9518 | D:8      | Reached XP level 10. HP: 83/84 MP: 6/17
  9649 | D:8      | Reached skill level 10 in Ice Magic
  9982 | D:9      | Found a staircase to the Lair.
  9989 | D:9      | Offered knowledge of Foxfire by Vehumet.
 10077 | D:9      | Reached ** piety under Vehumet
 10152 | D:9      | Reached skill level 5 in Dodging
 10462 | D:9      | Noticed a deep elf mage
 10494 | D:9      | Killed a deep elf mage
 10728 | D:9      | Found a basalt altar of Yredelemnul.
 11360 | D:9      | Learned a level 4 spell: Summon Ice Beast
 11390 | Lair:1   | Entered Level 1 of the Lair of Beasts
 11507 | Lair:1   | Noticed a spiny frog
 11527 | Lair:1   | Killed a spiny frog
 11819 | Lair:1   | Noticed a spiny frog
 11830 | Lair:1   | Killed a spiny frog
 12038 | Lair:1   | Reached skill level 11 in Ice Magic
 12272 | Lair:1   | Offered knowledge of Inner Flame by Vehumet.
 12284 | Lair:1   | Learned a level 3 spell: Inner Flame
 12345 | Lair:1   | Reached skill level 1 in Fire Magic
 12788 | Lair:1   | Reached XP level 11. HP: 62/95 MP: 13/18
 12809 | Lair:1   | Reached *** piety under Vehumet
 13119 | Lair:2   | Noticed Harold
 13129 | Lair:1   | Killed Harold
 13442 | Lair:2   | Noticed Nergalle
 13448 | Lair:2   | Noticed a spectral orc warlord
 13449 | Lair:2   | Killed Nergalle
 14092 | Lair:2   | Reached skill level 5 in Fire Magic
 14194 | Lair:2   | Found a runed translucent door.
 14195 | Lair:2   | Noticed Kold's ghost (journeyman OpTm)
 14581 | Lair:3   | Noticed Urug
 14595 | Lair:3   | Killed Urug
 14629 | Lair:3   | Noticed a spriggan rider
 14638 | Lair:3   | Slain by a spriggan rider

Illustrated notes

Levels and vault maps discovered:
D:1:      mrwooster_arrival_statue_3, layout_basic
D:2:      layout_loops_cross
D:3:      layout_basic, chequers_ecumenical_altar_island, first_ration,
          uniq_grinder, uniq_ijyb, uniq_jessica, uniq_robin
D:4:      layout_loops_cross, hangedman_decor_push,
          nicolae_dithmenos_shadow_blocks
D:5:      layout_rooms, minmay_temple_entry_junction_2
D:6:      layout_loops_ring, uniq_edmund
D:7:      layout_loops_corners, grunt_temple_overflow_cloverleaf, serial_shops,
          shop, the_bakery
D:8:      layout_loops_ring, old_standard_altar, gammafunk_ghost_split
D:9:      layout_irregular_city, yredelemnul_forgotten_temple_becter,
          lair_entry_dummy
Temple:   regret_index_temple_sphere_string
Lair:1:   layout_cellular_growth
Lair:2:   layout_layer_cave, ebering_ghost_inner_flame, uniq_nergalle,
          uniq_harold
Lair:3:   layout_cellular_growth, minmay_snake_entry_spellcaster,
          grunt_forest_large_clearings, grunt_megastairs_3,
          infiniplex_staircase_pool_2, uniq_urug

Skill      XL: |  1  2  3  4  5  6  7  8  9 10 11 |
---------------+----------------------------------+-----
Fighting       | 1 2 3 4 5 6 8 9 |  9.8
Ice Magic      | 5 6 7 8 9 11 | 11.1
Spellcasting   | 3 4 5 |  5.0
Conjurations   | 1 2 3 4 5 6 |  6.4
Dodging        | 2 3 4 6 7 |  7.5
Fire Magic     | 2 5 |  5.0
Stealth        | |  1.8

Action                   |  1- 3 |  4- 6 |  7- 9 | 10-12 || total
-------------------------+-------+-------+-------+-------++-------
Melee: Unarmed           |     2 |    12 |       |       ||    14
       Tailslap          |       |     6 |    22 |    15 ||    43
       Dagger            |       |    19 |   217 |   109 ||   345
 Cast: Freeze            |    60 |    60 |   104 |    31 ||   255
       Frozen Ramparts   |       |    11 |    17 |    28 ||    56
       Magic Dart        |       |       |    71 |   129 ||   200
       Hailstorm         |       |       |     1 |     3 ||     4
       Summon Ice Beast  |       |       |       |    11 ||    11
       Inner Flame       |       |       |       |     1 ||     1
 Abil: Breathe Acid      |       |       |     1 |       ||     1
  Use: Scroll            |       |    10 |     8 |       ||    18
       Potion            |       |       |       |     2 ||     2
 Stab: Sleeping          |       |       |     4 |       ||     4
  Eat: Chunk             |     1 |     9 |    14 |    15 ||    39
       Ration            |     1 |       |     2 |       ||     3
Armor: Skin              |    23 |    38 |   157 |    68 ||   286
Dodge: Dodged            |    41 |    57 |   237 |   159 ||   494
